 Dungeon Crawl Stone Soup version bcrawl-1.28 (webtiles) character file.

Game seed: 3575404371048167196

157165 MisterOstroum the Conjurer (level 7, 0/50 HPs)
             Began as a Merfolk Conjurer on Nov 28, 2020.
             Was an Initiate of Ashenzari.
             Killed from afar by an orc wizard (6 damage)
             ... with a magic dart
             ... on level 4 of the Dungeon.
             The game lasted 00:08:11 (4464 turns).

MisterOstroum the Conjurer (Merfolk Conjurer)       Turns: 4464, Time: 00:08:12

Health: 0/50       AC:  3    Str:  8    XL:     7   Next: 6%
Magic:  0/11       EV: 13    Int: 16    God:    Ashenzari [......]
Gold:   278        SH:  0    Dex: 15    Spells: 6/12 levels left

rFire    . . .     SeeInvis .   a - +0 spear (curse)
rCold    . . .     Gourm    .   (no shield)
rNeg     . . .     Faith    .   n - +0 robe (curse)
rPois    .         Spirit   .   (no helmet)
rElec    .         Reflect  .   (no cloak)
rCorr    .         Harm     .   r - +0 pair of gloves (curse)
MR       .....                  (no boots)
Stlth    ++........             (no amulet)
HPRegen  0.16/turn              (no ring)
MPRegen  0.12/turn              (no ring)

@: very slightly contaminated, slowed, very slow
A: change form in water, swift swim, stealthy swim
a: Curse Item, Renounce Religion


You were on level 4 of the Dungeon.
You worshipped Ashenzari.
Ashenzari was noncommittal.
You were hungry.

You visited 1 branch of the dungeon, and saw 4 of its levels.

You collected 278 gold pieces.

Inventory:

Hand Weapons
 a - a cursed +0 spear (weapon)
 j - a +0 dagger of venom
Missiles
 h - 525 arrows
 l - 164 stones (quivered)
 u - 203 bolts
 z - 76 poisoned tomahawks
 C - 139 sling bullets
Armour
 n - a cursed +0 robe (worn)
 r - a cursed +0 pair of gloves (worn)
 s - a +0 buckler
Wands
 B - a wand of random effects (12)
Scrolls
 b - 3 scrolls of remove curse {@r2}
 g - 2 scrolls of identify {@r1}
 m - 2 scrolls of noise
 o - a scroll of amnesia {unknown}
 p - 2 scrolls of enchant armour {unknown}
 v - 4 scrolls of magic mapping {unknown}
 w - a scroll of immolation {unknown}
 x - a scroll of enchant weapon {unknown}
 y - 5 scrolls of teleportation {unknown}
Potions
 c - a potion of magic
 d - a potion of haste {unknown}
 f - 4 potions of curing {unknown}
 i - a potion of might {unknown}
 k - 2 potions of berserk rage {unknown}
 q - a potion of flight {unknown}
 t - a potion of cancellation {unknown}
 A - 2 potions of lignification {unknown}
Comestibles
 e - 6 rations {!d}
 D - a chunk of flesh


   Skills:
 - Level 2.0 Fighting
 * Level 4.3 Polearms
 - Level 2.6 Dodging
 + Level 3.6 Stealth
 * Level 2.4 Shields
 + Level 3.1 Spellcasting
 * Level 4.6 Conjurations


You had 6 spell levels left.
You knew the following spells:

 Your Spells              Type           Power        Failure   Level  Hunger
a - Magic Dart            Conj           ###.         2%          1    None
b - Searing Ray           Conj           ###.....     4%          2    #......
c - Iskenderun's Mystic   Conj           ###.....     9%          3    ####...

Your spell library contained the following spells:

 Spells                   Type           Power        Failure   Level  Hunger
 Fulminant Prism          Conj/Hex       #.........   56%         4    #####..
 Irradiate                Conj/Tmut      #.........   89%         5    ######.


Dungeon Overview and Level Annotations

Branches:
Dungeon (4/12)
 Temple: D:4-7

Altars:
Ashenzari

Shops:
D:4 }

Annotations:
D:2 1 runed door
D:4 exclusions: killer bee and orc warrior


Message History

You miscast Magic Dart.
You are very lightly contaminated with residual magic.
The air around you crackles with energy!
Casting: Magic Dart (safe; 2% risk of failure)
Confirm with . or Enter, or press ? or * to list all spells.
Aiming: Magic Dart (safe; 2% risk of failure)
Press: ? - help, Shift-Dir - straight line, f/p - dart slug
Aim: a dart slug The magic dart hits the dart slug.
The dart slug is heavily wounded.
An orc wizard comes into view. It is wielding a +0 dagger.
Casting: Magic Dart (safe; 2% risk of failure)
Confirm with . or Enter, or press ? or * to list all spells.
Aiming: Magic Dart (safe; 2% risk of failure)
Press: ? - help, Shift-Dir - straight line, f/p - dart slug
Aim: a dart slug (heavily wounded)
You miscast Magic Dart.
Nothing appears to happen.
You are feeling hungry.
The orc priest closely misses you.
Casting: Magic Dart (safe; 2% risk of failure)
Confirm with . or Enter, or press ? or * to list all spells.
Aiming: Searing Ray (safe; 4% risk of failure)
Press: ? - help, Shift-Dir - straight line, f/p - dart slug
Aim: a dart slug (moderately wounded)
The searing ray hits the dart slug.
The dart slug is severely wounded. (Press . to maintain the ray.)
The orc priest invokes the aid of Beogh against you.
Beogh smites you!
The searing ray hits the dart slug.
You kill the dart slug!
Casting: Searing Ray (safe; 4% risk of failure)
Confirm with . or Enter, or press ? or * to list all spells.
Aiming: Iskenderun's Mystic Blast (safe; 9% risk of failure)
Press: ? - help, Shift-Dir - straight line, f - orc priest
Aim: an orc priest, wielding a +0 whip and wearing a +0 scale mail The orb of energy hits the orc priest!
The orc priest is heavily wounded.
The orc priest mumbles some strange prayers to Beogh against you.
Beogh smites you!
Casting: Iskenderun's Mystic Blast (safe; 9% risk of failure)
Confirm with . or Enter, or press ? or * to list all spells.
You don't have enough magic to cast that spell.
You hit the orc priest.
The orc priest is severely wounded.
Casting: Iskenderun's Mystic Blast (safe; 9% risk of failure)
Confirm with . or Enter, or press ? or * to list all spells.
Aiming: Magic Dart (safe; 2% risk of failure)
Press: ? - help, Shift-Dir - straight line, f/p - orc priest
Aim: an orc priest, wielding a +0 whip and wearing a +0 scale mail (severely wounded)
The magic dart hits the orc priest but does no damage.
The orc priest is severely wounded.
The orc priest calls down the wrath of Beogh upon you.
Pain shoots through your body!
Casting: Magic Dart (safe; 2% risk of failure)
Confirm with . or Enter, or press ? or * to list all spells.
You don't have enough magic to cast that spell.
You hit the orc priest but do no damage.
The orc priest is severely wounded.
The orc priest misses you.
You hit the orc priest.
The orc priest is almost dead.
The orc priest invokes the aid of Beogh against you.
Pain shoots through your body!
You hit the orc priest but do no damage.
The orc priest is almost dead.
You hit the orc priest.
The orc priest is almost dead.
An adder comes into view.
An orc wizard comes into view. It is wielding a -2 dagger.
The orc wizard casts a spell.
The orc wizard blinks!
The adder hisses angrily.
The orc wizard gestures at you while chanting.
You resist with some effort.
The orc wizard gestures at you while chanting.
You feel yourself slow down.
Casting: Magic Dart (safe; 2% risk of failure)
Confirm with . or Enter, or press ? or * to list all spells.
Aiming: Iskenderun's Mystic Blast (safe; 9% risk of failure)
Press: ? - help, Shift-Dir - straight line, f - orc wizard
Aim: an orc wizard, wielding a -2 dagger and wearing a +0 robe The orb of energy hits the orc wizard!
The orc wizard is severely wounded.
The orb of energy explodes!
The mystic blast hits the orc wizard.
The orc wizard is moderately wounded.
The orc wizard gestures wildly while chanting.
The orc wizard blinks!
The orc wizard gestures at you while chanting.
The magic dart hits you!
* * * LOW HITPOINT WARNING * * *
The orc wizard casts a spell.
The orc wizard seems to speed up.
The orc wizard gestures at you while chanting.
The magic dart hits you!
* * * LOW HITPOINT WARNING * * *
The orc wizard gestures at you while chanting.
The magic dart hits you.
You die...

........## #####
......#oS# ....##
..... ##o##......
.... #......... ...
#........... .o
##o.......... .
##............
#.o...........
#@............
.#####..............
########
#....................
........
.....................
........
########.............
########
####.......... ##
#.......... .#
##.......... .##
#...........


You could see 2 orc wizards.

Vanquished Creatures
  An ogre (D:4)
  A scorpion (D:4)
  A hound (D:4)
  An orc priest (D:4)
  An orc wizard (D:4)
  Jessica (D:2)
  Terence (D:1)
  An iguana (D:4)
  4 adders (D:3)
  2 oozes
  An adder skeleton (D:4)
  3 dart slugs
  2 worms
  3 leopard geckos
  7 orcs
  4 giant cockroaches
  5 goblins
  11 hobgoblins
  12 jackals
  5 quokkas
  7 bats
  3 frilled lizards
  9 kobolds
  A quokka skeleton (D:4)
  8 rats
95 creatures vanquished.

Notes
Turn   | Place    | Note
-------+----------+-------------------------------------------
     0 | D:1      | MisterOstroum the Merfolk Conjurer began the quest for the
                  | Orb.
     0 | D:1      | Reached XP level 1. HP: 13/13 MP: 3/3
    74 | D:1      | Reached skill level 1 in Fighting
   173 | D:1      | Reached XP level 2. HP: 19/22 MP: 1/5
   861 | D:1      | Reached XP level 3. HP: 5/27 MP: 0/6
  1054 | D:1      | Learned a level 2 spell: Searing Ray
  1058 | D:1      | Learned a level 3 spell: Iskenderun's Mystic Blast
  1272 | D:2      | Found a shattered altar of Ashenzari.
  1295 | D:2      | Noticed Terence
  1296 | D:2      | Became a worshipper of Ashenzari the Shackled
  1665 | D:2      | Found a runed door.
  1914 | D:2      | Noticed Jessica
  1929 | D:2      | Killed Jessica
  1929 | D:2      | Reached skill level 1 in Polearms
  1929 | D:2      | Reached XP level 4. HP: 28/33 MP: 1/7
  2408 | D:3      | Reached XP level 5. HP: 12/38 MP: 0/8
  2499 | D:1      | HP: 1/38 [Terence/+0 mace (6)]
  2500 | D:1      | Killed Terence
  2861 | D:3      | Reached skill level 1 in Shields
  3584 | D:4      | Identified the cursed +1 quarterstaff of the Vaults {flame,
                  | MR+ Str+3 Int-5}
  3722 | D:4      | Found Aweebounn's Gadget Emporium.
  3724 | D:4      | Reached XP level 6. HP: 44/44 MP: 10/10
  4048 | D:4      | Noticed an orc warrior
  4355 | D:4      | Reached XP level 7. HP: 50/50 MP: 1/11
  4464 | D:4      | Killed from afar by an orc wizard

Skill      XL: |  1  2  3  4  5  6 |
---------------+-------------------+-----
Fighting       | 1 2 |  2.0
Polearms       | 1 2 3 4 |  4.3
Conjurations   | 4 |  4.6
Stealth        | 3 |  3.6
Shields        | 1 2 |  2.4
Spellcasting   | 3 |  3.1
Dodging        | |  2.6

Action                   |  1- 3 |  4- 6 |  7- 9 || total
-------------------------+-------+-------+-------++-------
Melee: Mace              |    19 |       |       ||    19
       Dagger            |    48 |       |       ||    48
       Spear             |    30 |   143 |     5 ||   178
Throw: Stone             |    31 |    31 |       ||    62
 Cast: Magic Dart        |    50 |    39 |     3 ||    92
       Iskenderun's Myst |     4 |    18 |     2 ||    24
       Searing Ray       |     3 |     6 |     1 ||    10
Invok: Curse Item        |     4 |       |       ||     4
Evoke: Wand              |       |     5 |       ||     5
  Use: Scroll            |     3 |       |       ||     3
 Stab: Sleeping          |       |     3 |       ||     3
  Eat: Chunk             |     8 |    16 |     2 ||    26
Armor: Robe              |    18 |    30 |       ||    48
Dodge: Dodged            |   104 |    87 |     2 ||   193
